 Dungeon Crawl Stone Soup version 0.27-a0-1548-gf8a67e7463 (webtiles) character file.

Game seed: 8602181845808359452

18 pokeman the Magician (level 2, -2/16 HPs)
             Began as a Deep Elf Hedge Wizard on July 13, 2021.
             Killed from afar by Sigmund (9 damage)
             ... with a puff of flame
             ... on level 2 of the Dungeon.
             The game lasted 00:01:26 (1230 turns).

pokeman the Magician (Deep Elf Hedge Wizard)        Turns: 1230, Time: 00:01:26

Health: -2/16      AC:  2    Str:  7    XL:     2   Next: 48%
Magic:  9/9        EV: 12    Int: 18    God:
Gold:   35         SH:  0    Dex: 14    Spells: 9/10 levels left

rFire    . . .     SeeInvis .   g - +0 spear
rCold    . . .     Faith    .   (no shield)
rNeg     . . .     Spirit   .   b - +0 robe
rPois    .         Reflect  .   c - +0 hat
rElec    .         Harm     .   (no cloak)
rCorr    .         Rampage  .   (no gloves)
Will     .....                  (no boots)
Stlth    ++........             (no amulet)
HPRegen  0.05/turn              (no ring)
MPRegen  0.11/turn              (no ring)

@: no status effects
A: no striking features
a: no special abilities


You were on level 2 of the Dungeon.
You visited 1 branch of the dungeon, and saw 2 of its levels.

You collected 35 gold pieces.

Inventory:

Hand Weapons
 g - a +0 spear (weapon)
Armour
 b - a +0 robe (worn)
 c - a +0 hat (worn)
Scrolls
 a - a scroll of enchant armour {unknown}
 d - a scroll of teleportation {unknown}
 e - 2 scrolls of identify {unknown}
 f - a scroll of noise {unknown}


   Skills:
 + Level 0.5 Fighting
 + Level 0.5 Armour
 - Level 2.4 Dodging
 - Level 2.4 Stealth
 * Level 4.9 Spellcasting
 + Level 1.5 Conjurations
 - Level 1.1 Summonings
 - Level 1.1 Translocations


You had 9 spell levels left.
You knew the following spells:

 Your Spells              Type           Power      Damage    Failure   Level
a - Magic Dart            Conj           40%        1d5       7%          1

Your spell library contained the following spells:

 Spells                   Type           Power      Damage    Failure   Level
 Blink                    Tloc           N/A        N/A       13%         2
 Call Imp                 Summ           8%         N/A       13%         2
 Slow                     Hex            4%         N/A       21%         2
 Conjure Flame            Conj/Fire      7%         6-21      28%         3
 Mephitic Cloud           Conj/Pois/Air  6%         N/A       32%         3


Dungeon Overview and Level Annotations

Branches:
Dungeon (2/15)

Altars:

Annotations:
D:2 Sigmund


Message History

g - a +0 spear (weapon)
Drop what? 7/52 slots (_ for help) (? for menu, Esc to quit)
You drop a +0 dagger.
Found a pair of boots.
e - 2 scrolls labelled BOUSIPR XUNE (gained 1)
Found a scroll labelled XAAGAN SEYMOV.
a - a scroll labelled XAAGAN SEYMOV A hobgoblin comes into view.
Casting: Magic Dart (safe; 7% risk of failure)
Confirm with . or Enter, or press ? or * to list all spells.
Aiming: Magic Dart (safe; 7% risk of failure)
Press: ? - help, Shift-Dir - straight line, f - hobgoblin
Aim: a hobgoblin (asleep, 100% to hit)
The magic dart hits the hobgoblin.
The hobgoblin is severely wounded.
The hobgoblin shouts!
Casting: Magic Dart (safe; 7% risk of failure)
Confirm with . or Enter, or press ? or * to list all spells.
Aiming: Magic Dart (safe; 7% risk of failure)
Press: ? - help, Shift-Dir - straight line, f/p - hobgoblin
Aim: a hobgoblin (severely wounded, 100% to hit)
The magic dart hits the hobgoblin.
You kill the hobgoblin!
Casting: Magic Dart (safe; 7% risk of failure)
Confirm with . or Enter, or press ? or * to list all spells.
You can't see any susceptible monsters within range! (Use Z to cast anyway.) Unknown command.
Sigmund the Dreaded comes into view.
He is wielding a +0 scythe.
Sigmund shouts!
Unknown command.
Sigmund gestures at you while chanting.
You are confused.
Found a scroll labelled ZIOFOAPUNA.
You feel less confused.
Sigmund hits you from afar with a +0 scythe!
Ouch! That really hurt!
Sigmund points at you and mumbles some strange words.
The puff of flame hits you!
Ouch! That really hurt!
You die...

......######## ...
......# #.# .....##
#.# #....# #.# ####.#
#.# .....# #.#
.#################.#
.................#@##
.###############@...#
.# #....# .# #....#
.# #.#.## .# #....#
.# #.....# .#
........ #.....#.#
#....##.?.


You could see Sigmund.

Vanquished Creatures
  An adder (D:2)
  A dart slug (D:1)
  An endoplasm (D:1)
  A hobgoblin (D:2)
  A quokka (D:1)
  A bat (D:1)
  A goblin (D:1)
  A rat (D:1)
8 creatures vanquished.

Notes
Turn   | Place    | Note
-------+----------+-------------------------------------------
     0 | D:1      | pokeman the Deep Elf Hedge Wizard began the quest for the
                  | Orb.
     0 | D:1      | Reached XP level 1. HP: 10/10 MP: 7/7
  1061 | D:2      | Reached XP level 2. HP: 16/16 MP: 2/9
  1220 | D:2      | Noticed Sigmund
  1230 | D:2      | Killed from afar by Sigmund

Illustrated notes

Levels and vault maps discovered:
D:1:      psy_arrival_whirlpool, layout_basic, chequers_avenue
D:2:      layout_loops_ring, shapermc_ecumenical_altar_venn, uniq_sigmund

Action                   || total
-------------------------++-------
Melee: Dagger            ||     1
 Cast: Magic Dart        ||    25
Dodge: Dodged            ||     2

Table legend: (Time is in decaauts)
 A = Elapsed time spent in this place.
 B = Non-inter-level travel time spent in this place.
 C = Inter-level travel time spent in this place.
 D = Time resting spent in this place.
 E = Time spent auto-exploring this place.
 F = Levels seen in this place.
 G = Mean time per level.
                   A        B        C        D        E       F      G
               +--------+--------+--------+--------+--------+-----+--------+
         Total |   1231 |   1138 |     93 |      0 |   1079 |   2 |  615.5 |
       Dungeon |   1231 |   1138 |     93 |      0 |   1079 |   2 |  615.5 |
               +--------+--------+--------+--------+--------+-----+--------+

Top non-repeatable levels by time:
     D:1: 1055 daAuts
     D:2: 175 daAuts
